 Dungeon Crawl Stone Soup version 0.25-a0-1136-gc1285e62ab (webtiles) character file.

Game seed: 4924386190560630634, levelgen mode: deterministic

172 Morbidden the Gusty (level 5, -2/37 HPs)
             Began as a Demonspawn Air Elementalist on May 22, 2020.
             Killed from afar by an orc wizard (6 damage)
             ... with a magic dart
             ... on level 3 of the Dungeon.
             The game lasted 00:07:26 (3054 turns).

Morbidden the Gusty (Demonspawn Air Elementalist)   Turns: 3054, Time: 00:07:27

Health: -2/37      AC:  3    Str:  8    XL:     5   Next: 27%
Magic:  0/9        EV: 12    Int: 18    God:
Gold:   236        SH:  0    Dex: 13    Spells: 9/10 levels left

rFire    . . .     SeeInvis .   (no weapon)
rCold    . . .     Gourm    .   (no shield)
rNeg     . . .     Faith    .   a - +0 robe
rPois    +         Spirit   +   (helmet restricted)
rElec    .         Reflect  .   o - +0 cloak
rCorr    .         Harm     .   (no gloves)
MR       .....                  (no boots)
Stlth    ++........             (no amulet)
HPRegen  0.12/turn              d - ring of poison resistance
MPRegen  0.22/turn              (no ring)

@: stab, very slightly contaminated, slowed, very slow
A: antennae 1, magic shield, magic regeneration
a: no special abilities


You were on level 3 of the Dungeon.
You were not hungry.

You visited 1 branch of the dungeon, and saw 4 of its levels.

You collected 236 gold pieces.

Inventory:

Armour
 a - a +0 robe (worn)
 o - a +0 cloak (worn)
Jewellery
 d - a ring of poison resistance (left hand)
Scrolls
 b - a scroll of enchant weapon {unknown}
 e - 4 scrolls of remove curse
 g - 4 scrolls of identify {unknown}
 i - 2 scrolls of teleportation {unknown}
 j - 2 scrolls of random uselessness {unknown}
 k - 2 scrolls of fog {unknown}
 m - a scroll of noise {unknown}
 p - a scroll of amnesia {unknown}
 q - a scroll of magic mapping {unknown}
 s - a scroll of blinking {unknown}
Comestibles
 c - 3 rations
 l - 2 chunks of flesh


   Skills:
 * Level 1.3 Fighting
 + Level 2.1 Dodging
 + Level 1.8 Stealth
 * Level 3.1 Spellcasting
 + Level 2.3 Conjurations
 * Level 3.8 Air Magic


You had 9 spell levels left.
You knew the following spells:

 Your Spells              Type           Power        Failure   Level  Hunger
a - Shock                 Conj/Air       ##..         4%          1    None

Your spell library contained the following spells:

 Spells                   Type           Power        Failure   Level  Hunger
 Swiftness                Chrm/Air       #.......     11%         2    ##.....
 Static Discharge         Conj/Air       ##......     14%         3    ###....
 Airstrike                Air            ###.......   32%         4    ####...
 Lightning Bolt           Conj/Air       ##........   77%         5    ######.


Dungeon Overview and Level Annotations

Branches:
Dungeon (4/15)
 Temple: D:4-7

Altars:
Ru
Uskayaw


Innate Abilities, Weirdness & Mutations

You have a pair of small antennae on your head.
When hurt, damage is shared between your health and your magic reserves.
You regenerate magic rapidly.


Message History

Unknown command.
Eating one of 3 chunks of flesh.
You eat one of the 3 chunks of flesh.
This raw flesh tastes terrible.
The orc wizard is too close now for your liking.
Casting: Shock (safe; 4% risk of failure)
Confirm with . or Enter, or press ? or * to list all spells.
You don't have enough magic to cast that spell.
Unknown command.
You are too injured to fight recklessly!
You are too injured to fight recklessly!
You are too injured to fight recklessly!
You are too injured to fight recklessly!
You are too injured to fight recklessly!
You are too injured to fight recklessly!
Casting: Shock (safe; 4% risk of failure)
Confirm with . or Enter, or press ? or * to list all spells.
You don't have enough magic to cast that spell.
The orc wizard casts a spell at you. The magic dart hits you!
You die...

##### #...#######
#...#.....#
#...#.....# #######
#...#.....# #......
#.>.......# #......
#.........## #......
#...###....###......
#..@###.............
####................
#....<...........
#...o...###..##.#
#.............#..
#..........#)....
###.#......####..
#.≈.≈....#####.
#####
#≈.≈.≈...##....


You could see an orc wizard (fast).

Vanquished Creatures
  A hound (D:4)
  5 adders
  An ooze (D:3)
  4 worms
  2 dart slugs (D:1)
  4 orcs
  7 giant cockroaches
  9 goblins
  8 hobgoblins
  4 jackals (D:3)
  8 kobolds
  8 bats
  7 frilled lizards
  4 rats
72 creatures vanquished.

Notes
Turn   | Place    | Note
-------+----------+-------------------------------------------
     0 | D:1      | Morbidden the Demonspawn Air Elementalist began the quest
                  | for the Orb.
     0 | D:1      | Reached XP level 1. HP: 13/13 MP: 3/3
   301 | D:1      | Gained mutation: When hurt, damage is shared between your
                  | health and your magic reserves. [demonic ancestry]
   301 | D:1      | Reached XP level 2. HP: 19/19 MP: 0/5
  1177 | D:2      | Gained mutation: You regenerate magic rapidly. [demonic
                  | ancestry]
  1177 | D:2      | Reached XP level 3. HP: 24/24 MP: 4/6
  1800 | D:2      | Reached XP level 4. HP: 31/31 MP: 1/7
  1900 | D:2      | Reached skill level 1 in Fighting
  2507 | D:3      | Noticed a +0 hand axe
  2507 | D:3      | Noticed a +0 dagger
  2508 | D:3      | Found a hide-covered altar of Uskayaw.
  2884 | D:3      | Found a sacrificial altar of Ru.
  2914 | D:4      | Gained mutation: You have a pair of small antennae on your
                  | head. [demonic ancestry]
  2914 | D:4      | Reached XP level 5. HP: 28/37 MP: 1/9
  3054 | D:3      | Killed from afar by an orc wizard

Illustrated notes

Levels and vault maps discovered:
D:1:      elethiomel_arrival_maze, layout_basic, st_stairs_10
D:2:      layout_loops_ring
D:3:      layout_rooms, dancing_weapons_uskayaw, nicolae_ru_path_of_blood
D:4:      layout_loops_ring

Skill      XL: |  1  2  3  4 |
---------------+-------------+-----
Air Magic      | 3 |  3.8
Dodging        | 2 |  2.1
Fighting       | 1 |  1.3
Conjurations   | 2 |  2.3
Spellcasting   | 3 |  3.1
Stealth        | |  1.8

Action                   |  1- 3 |  4- 6 || total
-------------------------+-------+-------++-------
Melee: Unarmed           |     8 |    24 ||    32
 Cast: Shock             |    93 |   104 ||   197
  Use: Scroll            |     1 |       ||     1
       Potion            |       |     5 ||     5
  Eat: Chunk             |     4 |     4 ||     8
Armor: Robe              |     3 |    15 ||    18
Dodge: Dodged            |    13 |    50 ||    63

Table legend:
 A = Non-vault XP
 B = Vault XP
 C = Vault XP percentage of total XP
 D = Non-vault monster count
 E = Vault monster count
 F = Vault count percentage of total count
                 A         B        C        D         E       F
            +---------+---------+-------+---------+---------+-------
      Total |     240 |       6 |   2.4 |      69 |       3 |   4.2
            +---------+---------+-------+---------+---------+-------
        D:1 |      34 |       6 |  15.0 |      18 |       3 |  14.3
        D:2 |      72 |       0 |   0.0 |      21 |       0 |   0.0
        D:3 |      83 |       0 |   0.0 |      26 |       0 |   0.0
        D:4 |      51 |       0 |   0.0 |       4 |       0 |   0.0
            +---------+---------+-------+---------+---------+-------
